 Dungeon Crawl Stone Soup version 0.29.1-2-gbd0b4ee654 (webtiles) character file.

Game seed: 14437592912425834013

355 eriqlaplus the Conjurer (level 6, -2/33 HPs)
             Began as a Tengu Conjurer on Oct 31, 2022.
             Was a Believer of Elyvilon.
             Slain by OhItsWolfy's ghost (6 damage)
             ... on level 3 of the Dungeon on Nov 1, 2022.
             The game lasted 00:15:10 (4035 turns).

eriqlaplus the Conjurer (Tengu Conjurer)            Turns: 4035, Time: 00:15:12

Health: -2/33      AC:  2    Str: 13    XL:     6   Next: 63%
Magic:  5/12       EV: 15    Int: 21    God:    Elyvilon [**....]
Gold:   122        SH:  0    Dex: 12    Spells: 2/12 levels left

rFire   . . .      SeeInvis .   s - staff of conjuration
rCold   . . .      Faith    .   (no shield)
rNeg    . . .      Spirit   .   a - +0 robe
rPois   .          Reflect  .   (helmet restricted)
rElec   .          Harm     .   (no cloak)
rCorr   .          Rampage  .   (no gloves)
Will    .....                   (boots unavailable)
Stlth   ++........              (no amulet)
HPRegen 0.11/turn               k - +6 ring of strength
MPRegen 0.13/turn               (no ring)

@: flying quickly and evasively, quick
A: beak, talons 3, nimble flight
a: Renounce Religion, Purification, Heal Other


You were on level 3 of the Dungeon.
You worshipped Elyvilon.
Elyvilon was pleased with you.
You visited 1 branch of the dungeon, and saw 3 of its levels.

You collected 122 gold pieces.

Inventory:

Hand Weapons
 l - a +2 dagger of venom
Armour
 a - a +0 robe (worn)
Magical Staves
 s - a staff of conjuration (weapon)
Jewellery
 k - a +6 ring of strength (left hand)
Wands
 m - a wand of flame (10)
Scrolls
 c - 2 scrolls of noise {unknown}
 e - a scroll of fear {unknown}
 h - a scroll of immolation {unknown}
 j - 5 scrolls of identify {unknown}
 n - a scroll of teleportation {unknown}
 o - a scroll of enchant armour {unknown}
 p - a scroll of magic mapping {unknown}
 r - a scroll of brand weapon {unknown}
 u - a scroll of blinking {unknown}
Potions
 b - a potion of magic
 d - 2 potions of curing {unknown}
 f - 3 potions of flight {unknown}
 g - 2 potions of might {unknown}
 i - 3 potions of attraction {unknown}
 q - 2 potions of heal wounds {unknown}
 t - a potion of haste {unknown}
 v - a potion of berserk rage {unknown}


   Skills:
 + Level 0.4 Fighting
 + Level 0.4 Short Blades
 + Level 3.1 Dodging
 + Level 3.0 Stealth
 + Level 0.1 Unarmed Combat
 + Level 3.7 Spellcasting
 + Level 7.9 Conjurations


You had 2 spell levels left.
You knew the following spells:

 Your Spells              Type           Power      Damage    Failure   Level
a - Magic Dart            Conj           100%       1d8       1%          1
b - Fulminant Prism       Conj/Hex       15%        3d11      24%         4
c - Iskenderun's Battles  Conj           54%        2d10      13%         5

Your spell library contained the following spells:

 Spells                   Type           Power      Damage    Failure   Level
 Searing Ray              Conj           100%       2d8       1%          2
 Dazzling Flash           Conj/Hex       60%        N/A       8%          3
 Iskenderun's Mystic Bla  Conj/Tloc      30%        2d8       24%         4
 Fireball                 Conj/Fire      15%        3d8       56%         5
 Conjure Ball Lightning   Conj/Air       15%        3x3d6     98%         6
 Orb of Destruction       Conj           27%        9d9       99%         7


Dungeon Overview and Level Annotations

Branches:
Dungeon (3/15)

Altars:
Elyvilon

Shops:
D:1 (

Annotations:
D:3 OhItsWolfy's ghost, amateur GrFi


Innate Abilities, Weirdness & Mutations

You have a beak for a mouth.
You have claws for feet.
Your magical nature lets you fly swiftly and evasively.


Message History

You destroy the centaur skeleton!
The bullfrog zombie hits you. The killer bee zombie hits you.
Casting: Fulminant Prism (extremely dangerous; 26% risk of failure)
Confirm with . or Enter, or press ? or * to list all spells.
The spell is extremely dangerous to miscast (26% risk of failure)!
Continue anyway?
Uppercase [Y]es or [N]o only, please.
The spell is extremely dangerous to miscast (26% risk of failure)!
Continue anyway?
Aiming: Fulminant Prism (extremely dangerous; 26% risk of failure)
Press: ? - help, Dir - move target You feel a surge of power!
You conjure a prism of explosive energy!
A fulminant prism comes into view.
The killer bee zombie hits you. The bullfrog zombie hits you.
You hit the bullfrog zombie.
You blast the bullfrog zombie.
You destroy the bullfrog zombie!
The bullfrog zombie hits you.
* * * LOW HITPOINT WARNING * * *
The killer bee zombie misses you.
Your fulminant prism crackles loudly.
The bullfrog zombie closely misses you.
You hit OhItsWolfy's ghost but do no damage.
Your peck misses OhItsWolfy's ghost.
OhItsWolfy's ghost is moderately damaged.
The killer bee zombie misses you. OhItsWolfy's ghost misses you.
The bullfrog zombie barely misses you. The killer bee zombie misses you.
Your fulminant prism explodes!
The blast of energy engulfs OhItsWolfy's ghost!
OhItsWolfy's ghost is severely damaged.
The blast of energy engulfs the killer bee zombie!
The killer bee zombie is almost destroyed.
You hit the killer bee zombie but do no damage.
You blast the killer bee zombie.
You destroy the killer bee zombie!
The bullfrog zombie hits you.
* * * LOW HITPOINT WARNING * * *
OhItsWolfy's ghost whispers, "Trust me.
Just give in."
OhItsWolfy's ghost hits you! Elyvilon protects you from harm!
The bullfrog zombie barely misses you. OhItsWolfy's ghost hits you.
You die...

#.##....#### ###.....#
#.##.......# #....##
##.#........# #....#
###...........# #>...#
#....##.......#####....###
#>##.##)..................
#..#.##.......#####.....##
##...##.......## ###.#..#
##..##..@.....### #.##..
#..##.ZW.......# #.###.
#..###.....###.# #.# ##
#...##.....# #.####.## #
##..###'''####.......#
#..#.......##......)#
#..##....)####......#
#..#.......# #......###
#.###..!$.####.........


You could see OhItsWolfy's ghost and a bullfrog zombie.

Vanquished Creatures
  Sigmund (D:3)
  A bullfrog zombie (D:3)
  A hound (D:3)
  A centaur skeleton (D:3)
  A killer bee zombie (D:3)
  4 adders
  A dart slug (D:1)
  An orc (D:3)
  5 ball pythons
  10 endoplasms
  3 giant cockroaches
  6 goblins
  8 hobgoblins
  A jackal (D:3)
  6 kobolds
  7 quokkas
  5 bats
  2 frilled lizards
  2 rats
66 creatures vanquished.

Vanquished Creatures (others)
  3 fulminant prisms (D:3)
3 creatures vanquished.

Grand Total: 69 creatures vanquished

Notes
Turn   | Place    | Note
-------+----------+-------------------------------------------
     0 | D:1      | eriqlaplus the Tengu Conjurer began the quest for the Orb.
     0 | D:1      | Reached XP level 1. HP: 10/10 MP: 4/4
   219 | D:1      | Reached XP level 2. HP: 15/15 MP: 0/6
   565 | D:1      | Reached skill level 6 in Conjurations
   706 | D:1      | Found a faded altar of an unknown god.
   905 | D:1      | Prayed at the altar of an unknown god.
   905 | D:1      | Became a worshipper of Elyvilon the Healer
   905 | D:1      | Reached * piety under Elyvilon
   956 | D:1      | Found Qetac's Antique Weapon Shoppe.
  1301 | D:2      | Reached XP level 3. HP: 19/19 MP: 3/7
  2270 | D:2      | Reached XP level 4. HP: 24/24 MP: 4/8
  2658 | D:2      | Reached ** piety under Elyvilon
  3170 | D:3      | Learned a level 4 spell: Fulminant Prism
  3525 | D:3      | Noticed Sigmund
  3529 | D:3      | Killed Sigmund
  3530 | D:3      | Reached skill level 7 in Conjurations
  3530 | D:3      | Gained mutation: Your magical nature lets you fly swiftly
                  | and evasively. [Tengu growth]
  3530 | D:3      | Reached XP level 5. HP: 28/28 MP: 2/11
  3530 | D:3      | Reached XP level 6. HP: 33/33 MP: 2/12
  3956 | D:3      | Found a runed translucent gate.
  3956 | D:3      | Found a runed translucent gate.
  3956 | D:3      | Found a runed translucent gate.
  3959 | D:3      | Noticed OhItsWolfy's ghost (amateur GrFi)
  3980 | D:3      | Learned a level 5 spell: Iskenderun's Battlesphere
  4035 | D:3      | Elyvilon protects you from harm!
  4035 | D:3      | Slain by OhItsWolfy's ghost

Illustrated notes

Levels and vault maps discovered:
D:1:      minmay_arrival_open_corners, layout_loops_corners, serial_shops,
          nicolae_shop_competitors_out_of_business,
          hellmonk_ecumenical_altar_inner_sanctum
D:2:      layout_loops_cross
D:3:      layout_rooms, gammafunk_ghost_necromancy,
          minmay_fractal_squares_diagonal_5, uniq_sigmund

Skill      XL: |  1  2  3  4  5  6 |
---------------+-------------------+-----
Conjurations   | 6 7 |  7.9
Dodging        | 3 |  3.1
Spellcasting   | 3 |  3.7
Stealth        | 3 |  3.0
Fighting       | |  0.4
Short Blades   | |  0.4
Unarmed Combat | |  0.1

Action                   |  1- 3 |  4- 6 || total
-------------------------+-------+-------++-------
Melee: Unarmed           |     4 |       ||     4
       Dagger            |     4 |     4 ||     8
       Kick              |     1 |     3 ||     4
       Staff             |       |     4 ||     4
 Cast: Magic Dart        |    65 |    60 ||   125
       Fulminant Prism   |       |     3 ||     3
       Iskenderun's Batt |       |     1 ||     1
Invok: Purification      |     1 |       ||     1
Evoke: Wand              |     1 |       ||     1
Armor: Robe              |     2 |     2 ||     4
Dodge: Dodged            |     9 |    13 ||    22
